 Dungeon Sprint DCSS version 0.19-a0-1920-g83281cb (webtiles) character file.

6231 LORDOFBUTT the Severer (level 10, -1/101 HPs)
             Began as a Minotaur Fighter on Oct 24, 2016.
             Was a High Priest of Okawaru.
             Slain by a blink frog (8 damage)
             ... in the Dungeon (Sprint IX: "|||||||||||||||||||||||||||||").
             The game lasted 00:02:08 (871 turns).

LORDOFBUTT the Severer (Minotaur Fighter)            Turns: 871, Time: 00:02:09

Health: -1/101     AC:  9    Str: 22    XL:     10   Next: 61%
Magic:  10/10      EV: 14    Int:  5    God:    Okawaru [*****.]
Gold:   0          SH:  0    Dex: 12    Spells: 0 memorised, 9 levels left

rFire  . . .     SeeInvis .     d - +2 executioner's axe (pain)
rCold  . . .     Gourm    .     b - +0 scale mail
rNeg   . . .     Faith    .     (shield currently unavailable)
rPois  .         Spirit   .     (helmet restricted)
rElec  .         Reflect  .     (no cloak)
rCorr  .         Harm     .     (no gloves)
MR     .....     NoTele   +     (no boots)
Stlth  ..........               (no amulet)
                                (no ring)
                                (no ring)

@: no status effects
A: retaliatory headbutt, horns 2
a: Heroism, Finesse, Renounce Religion


You were in the Dungeon.
You worshipped Okawaru.
Okawaru was extremely pleased with you.
You were not hungry.

You visited 1 branch

Inventory:

Hand Weapons
 a - a +0 war axe
 d - a +2 executioner's axe of pain (weapon)
 r - a +3 war axe of chopping
Armour
 b - a +0 scale mail (worn)
Jewellery
 p - a +2 ring of protection
 q - a +2 ring of evasion
Wands
 o - a wand of lightning (2/15)
Scrolls
 k - 3 scrolls of blinking
 m - 3 scrolls of remove curse
 n - 2 scrolls of amnesia
 v - 2 scrolls of fear
 w - a scroll of recharging
 x - a scroll of identify
Potions
 e - 6 potions of curing
 g - 8 potions of heal wounds
 i - 4 potions of magic
 l - a potion of invisibility
 s - a potion of brilliance
 t - a potion of cure mutation
Comestibles
 f - a bread ration
 u - a beef jerky


   Skills:
 + Level 13.4 Fighting
 + Level 16.7 Axes
 + Level 14.0 Armour
 + Level 7.8 Dodging
   Level 13.4 Shields
 + Level 1.1 Invocations
 + Level 2.0 Evocations


You had 9 spell levels left.
You didn't know any spells.

Dungeon Overview and Level Annotations

Branches:
Dungeon (1/1)

Altars:
Cheibriados
Dithmenos
Elyvilon
Fedhas
Gozag
Hepliaklqana
Kikubaaqudgha
Makhleb
Nemelex Xobeh
Okawaru
Qazlal
Ru
Sif Muna
Trog
Uskayaw
Vehumet
Xom
Yredelemnul
Zin
The Shining One
Beogh
Jiyva
Lugonu


Innate Abilities, Weirdness & Mutations

You reflexively headbutt those who attack you in melee.
You have a pair of horns on your head.


Message History

* * * LOW HITPOINT WARNING * * *
The bullfrog hits you.
* * * LOW HITPOINT WARNING * * *
You slice the bullfrog!!
You kill the bullfrog!
Okawaru accepts your kill.
You barely miss the blink frog. The blink frog closely misses you.
You furiously retaliate!
You headbutt the blink frog! The vampire mosquito bites you.
* * * LOW HITPOINT WARNING * * *
The vampire mosquito draws strength from your injuries!
The blink frog hits you!
* * * LOW HITPOINT WARNING * * *
You closely miss the vampire mosquito. You headbutt the vampire mosquito!
The vampire mosquito is moderately damaged.
You hit the blink frog.
The vampire mosquito completely misses you.
The vampire mosquito closely misses you.
The blink frog hits you!
You die...

▓▓▓▓▓▓▓▓▓▓▓▓▓▓▓▓▓▓▓▓▓▓▓▓▓▓▓▓▓▓▓▓▓
________________.'..|)[)[..'.....
▓▓▓▓▓▓▓▓▓▓▓▓▓▓▓▓▓▓▓▓▓▓▓▓▓▓▓▓▓▓▓▓▓
.................................
▓▓▓▓▓▓▓▓▓▓▓▓▓▓▓▓▓▓▓▓▓▓▓▓▓▓▓▓▓▓▓▓▓
.......[††.....F@yFF....
▓▓▓▓▓▓▓▓▓▓▓▓▓▓▓▓▓▓▓▓▓▓▓▓


You could see a blink frog, a vampire mosquito and 2 bullfrogs.

Vanquished Creatures
  2 hydras (D)
  A centaur warrior (D)
  A hill giant (D)
  4 spiny frogs (D)
  A komodo dragon (D)
  A troll (D)
  A polar bear (D)
  A tyrant leech (D)
  A two-headed ogre (D)
  A hippogriff (D)
  2 yaks (D)
  3 porcupines (D)
  3 water moccasins (D)
  An orc warrior (D)
  A black bear (D)
  A crocodile (D)
  3 bullfrogs (D)
  A hound (D)
  An iguana (D)
  A gnoll (D)
  2 adder zombies (D)
  An adder skeleton (D)
  2 orcs (D)
  A bat skeleton (D)
  A goblin (D)
  2 hobgoblins (D)
  A quokka (D)
  A frilled lizard (D)
  A leopard gecko skeleton (D)
  A rat (D)
44 creatures vanquished.

Notes
Turn   | Place    | Note
-------+----------+-------------------------------------------
     0 | D        | LORDOFBUTT the Minotaur Fighter began the quest for the Orb.
     0 | D        | Reached XP level 1. HP: 19/19 MP: 0/0
    38 | D        | Reached skill level 3 in Axes
    38 | D        | Reached XP level 2. HP: 25/27 MP: 1/1
    44 | D        | Reached skill level 5 in Shields
    55 | D        | Found a roughly hewn altar of Beogh.
    55 | D        | Found a snail-covered altar of Cheibriados.
    55 | D        | Found a shadowy altar of Dithmenos.
    55 | D        | Found a white marble altar of Elyvilon.
    55 | D        | Found a blossoming altar of Fedhas.
    55 | D        | Found an opulent altar of Gozag.
    56 | D        | Found a hazy altar of Hepliaklqana.
    57 | D        | Found a viscous altar of Jiyva.
    58 | D        | Found an ancient bone altar of Kikubaaqudgha.
    59 | D        | Found a corrupted altar of Lugonu.
    60 | D        | Found a burning altar of Makhleb.
    61 | D        | Found a sparkling altar of Nemelex Xobeh.
    62 | D        | Found an iron altar of Okawaru.
    63 | D        | Found a stormy altar of Qazlal.
    64 | D        | Found a sacrificial altar of Ru.
    65 | D        | Found a deep blue altar of Sif Muna.
    66 | D        | Found a bloodstained altar of Trog.
    67 | D        | Found a hide-covered altar of Uskayaw.
    68 | D        | Found a radiant altar of Vehumet.
    69 | D        | Found a shimmering altar of Xom.
    70 | D        | Found a basalt altar of Yredelemnul.
    72 | D        | Became a worshipper of Warmaster Okawaru
    74 | D        | Found a glowing silver altar of Zin.
    75 | D        | Found a glowing golden altar of the Shining One.
   100 | D        | Noticed a two-headed ogre
   100 | D        | Noticed a hippogriff
   112 | D        | Reached skill level 5 in Armour
   115 | D        | Killed a two-headed ogre
   115 | D        | Reached skill level 7 in Axes
   115 | D        | Reached skill level 1 in Dodging
   115 | D        | Reached XP level 3. HP: 34/39 MP: 2/2
   115 | D        | Reached XP level 4. HP: 41/47 MP: 3/3
   115 | D        | Reached XP level 5. HP: 46/52 MP: 4/4
   120 | D        | Killed a hippogriff
   120 | D        | Reached * piety under Okawaru
   120 | D        | Reached skill level 8 in Axes
   120 | D        | Reached XP level 6. HP: 43/61 MP: 5/5
   139 | D        | Noticed a troll
   139 | D        | Noticed a hill giant
   139 | D        | Noticed a centaur warrior
   139 | D        | Noticed an orc warrior
   146 | D        | Killed a troll
   146 | D        | Reached skill level 9 in Axes
   146 | D        | Reached skill level 10 in Armour
   146 | D        | Reached skill level 10 in Shields
   146 | D        | Reached XP level 7. HP: 45/69 MP: 6/6
   149 | D        | Killed a hill giant
   149 | D        | Reached ** piety under Okawaru
   149 | D        | Reached skill level 11 in Axes
   149 | D        | Reached XP level 8. HP: 51/78 MP: 7/7
   158 | D        | Killed a centaur warrior
   158 | D        | Reached *** piety under Okawaru
   158 | D        | Reached **** piety under Okawaru
   158 | D        | Reached skill level 10 in Fighting
   158 | D        | Reached skill level 12 in Axes
   160 | D        | Reached skill level 5 in Dodging
   529 | D        | Noticed a komodo dragon
   529 | D        | Noticed a five-headed hydra
   529 | D        | Noticed a spiny frog
   536 | D        | Killed a komodo dragon
   536 | D        | Reached skill level 13 in Axes
   536 | D        | Reached XP level 9. HP: 84/86 MP: 5/8
   541 | D        | Killed a ten-headed hydra
   541 | D        | Reached skill level 14 in Axes
   550 | D        | Killed a spiny frog
   550 | D        | Reached ***** piety under Okawaru
   556 | D        | Reached skill level 15 in Axes
   811 | D        | Noticed a polar bear
   811 | D        | Noticed a seven-headed hydra
   814 | D        | Killed a polar bear
   814 | D        | Reached XP level 10. HP: 89/97 MP: 9/9
   821 | D        | Received a gift from Okawaru
   823 | D        | Noticed a spiny frog
   824 | D        | Killed a seven-headed hydra
   824 | D        | Reached skill level 16 in Axes
   824 | D        | Reached skill level 1 in Evocations
   827 | D        | Reached skill level 1 in Invocations
   831 | D        | Killed a spiny frog
   855 | D        | Noticed a spiny frog
   855 | D        | Noticed a spiny frog
   864 | D        | Killed a spiny frog
   868 | D        | Killed a spiny frog
   871 | D        | Slain by a blink frog

Vault maps used:
D:        linesprint

Skill      XL: |  1  2  3  4  5  6  7  8  9 10 |
---------------+-------------------------------+-----
Fighting       | 4 7 8 9 10 12 13 | 13.4
Shields        | 4 8 9 10 11 12 13 | 13.4
Armour         | 4 8 9 10 11 12 13 14 | 14.0
Axes           | 3 7 8 9 11 13 15 16 | 16.7
Dodging        | 1 2 3 4 5 6 7 |  7.8
Evocations     | 2 |  2.0
Invocations    | 1 |  1.1

Action                   |  1- 3 |  4- 6 |  7- 9 | 10-12 || total
-------------------------+-------+-------+-------+-------++-------
Melee: War axe           |    45 |    19 |    44 |    11 ||   119
       Headbutt          |     5 |     6 |    14 |     3 ||    28
       Executioner's axe |       |       |       |    16 ||    16
Invok: Heroism           |       |       |     1 |       ||     1
Evoke: Wand              |       |       |       |     5 ||     5
  Use: Potion            |       |       |     4 |       ||     4
Armor: Scale mail        |    18 |     7 |     5 |     5 ||    35
Dodge: Dodged            |    14 |     6 |     6 |    25 ||    51
Block: Shield            |    20 |    14 |    22 |    13 ||    69
